 Dungeon Crawl Stone Soup version 0.31.0-32-g396128a36d (webtiles) character file.

Game seed: 13709898398011573247

409 spaghetti the Fighter (level 6, -1/70 (78) HPs)
             Began as an Oni Chaos Knight on Mar 9, 2024.
             Was a Plaything of Xom.
             Slain by an ogre
             ... wielding a +0 giant club
              (27 damage)
             ... on level 4 of the Dungeon.
             The game lasted 00:03:24 (2214 turns).

spaghetti the Fighter (Oni Chaos Knight)            Turns: 2214, Time: 00:03:25

HP:   -1/70 (78)    AC:  6    Str: 17    XL:     6   Next: 89%
MP:   6/6           EV:  9    Int: 15    God:    Xom [.....*]
Gold: 111           SH:  0    Dex:  8    Spells: 5/5 levels left

rFire   . . .        a - +0 mace (flame)
rCold   . . .        (no shield)
rNeg    . . .        b - +2 robe
rPois   .            g - +1 hat
rElec   .            (no cloak)
rCorr   .            (gloves unavailable)
SInv    .            (boots unavailable)
Will    .....        k - amulet of regeneration
Stlth   +            d - ring of flight
HPRegen 1.11/turn    (no ring)
MPRegen 0.10/turn

%: no passive effects
@: flying, heavily drained
A: large, unfitting armour, horns 1, tough skin 1, double potion healing,
drunken brawling
a: Renounce Religion


You were on level 4 of the Dungeon.
You worshipped Xom.
You were Xom's teddy bear.
You visited 1 branch of the dungeon, and saw 7 of its levels.

You collected 111 gold pieces.

Inventory:

Hand Weapons
 a - a +0 mace of flaming (weapon)
Armour
 b - a +2 robe (worn)
 g - a +1 hat (worn)
Jewellery
 d - a ring of flight (left hand)
 k - an amulet of regeneration (around neck)
Scrolls
 h - a scroll of blinking {unknown}
 n - a scroll of amnesia
Potions
 c - a potion of heal wounds
 f - a potion of degeneration


   Skills:
 + Level 9.9 Fighting
 - Level 3.0 Maces & Flails
 - Level 2.1 Dodging


You had 5 spell levels left.
You didn't know any spells.
Your spell library contained the following spells:

 Spells                   Type           Power      Damage    Failure   Level
 Kiss of Death            Conj/Necr      0%         2d5       26%         1
 Confusing Touch          Hex            0%         N/A       63%         3
 Dispel Undead            Necr           0%         3d6       95%         4


Dungeon Overview and Level Annotations

Branches:
Dungeon (7/15)
 Temple: D:4-7

Altars:

Annotations:
D:5 Dowan, Duvessa


Innate Abilities, Weirdness & Mutations

You are too large for most types of armour.
You have a pair of small horns on your head.
You have tough skin. (AC +1)
You gain doubled healing and magic from potions.
Whenever you drink a healing potion, you attack all around you.


Message History

Found 5 stones.
The ogre shouts!
The ogre moves out of view.
c - a potion of heal wounds An ogre is nearby!
The ogre hits you with a +0 giant club!!
A shower of butterflies erupts from you!
You are too injured to fight recklessly!
You are too injured to fight recklessly!
You are too injured to fight recklessly!
You are too injured to fight recklessly!
You are too injured to fight recklessly!
You are too injured to fight recklessly!
You are too injured to fight recklessly!
You are too injured to fight recklessly!
You are too injured to fight recklessly!
You are too injured to fight recklessly!
You are too injured to fight recklessly!
You are too injured to fight recklessly!
You are too injured to fight recklessly!
You are too injured to fight recklessly!
You are too injured to fight recklessly!
An ogre is nearby!
Unknown command.
You hit the ogre. You burn the ogre.
The ogre is moderately wounded. "Serve the mortal, my children!"
You hit the ogre. You burn the ogre. Your headbutt misses the ogre.
The ogre is severely wounded.
The ogre closely misses you.
A quokka comes into view.
You hit the ogre. You burn the ogre. Your headbutt misses the ogre.
The ogre is almost dead.
The ogre hits you with a +0 giant club!!
You hit the ogre but do no damage.
The ogre is almost dead.
The quokka bites your iron imp but does no damage.
The ogre hits you with a +0 giant club!!
You die... "I guess I need a new plaything now."

##### ...# ###.###
#..>..#
####r###.####.#.#
#..55# #.......#
###.##@###.####...#
#b....bO...# (
#..bb.##.###
..........#
.##.....#### #
#..... ###.## #. #.


You could see an ogre (ally target), a quokka, a friendly iron imp (summoned)
and a friendly quasit (summoned).

Vanquished Creatures
  A bullfrog (D:7)
  A scorpion (D:7)
  A gnoll bouda (D:7)
  A sleepcap (D:7)
  An iguana (D:5)
  5 adders
  3 gnolls (D:7)
  A ribbon worm (D:2)
  2 dart slugs
  4 orcs
  4 endoplasms
  3 giant cockroaches
  5 goblins
  4 hobgoblins
  6 kobolds
  2 quokkas
  3 ball pythons
  6 bats
  7 frilled lizards
  4 rats
64 creatures vanquished.

Vanquished Creatures (collateral kills)
  4 gnolls (D:7)
4 creatures vanquished.

Vanquished Creatures (others)
  A hound (D:6)
  A gnoll bouda (D:6)
2 creatures vanquished.

Grand Total: 70 creatures vanquished

Notes
Turn   | Place    | Note
-------+----------+-------------------------------------------
     0 | D:1      | spaghetti the Oni Chaos Knight began the quest for the Orb.
     0 | D:1      | Reached XP level 1. HP: 24/24 MP: 1/1
   216 | D:1      | Reached XP level 2. HP: 27/33 MP: 2/2
   307 | D:1      | Reached skill level 5 in Fighting
   465 | D:1      | Reached XP level 3. HP: 42/42 MP: 3/3
   895 | D:2      | XOM: silly message
   903 | D:2      | Reached skill level 6 in Fighting
  1067 | D:2      | Reached XP level 4. HP: 52/53 MP: 4/4
  1250 | D:2      | XOM: silly message
  1518 | D:3      | XOM: 2-stop teleportation journey
  1567 | D:3      | Found a faded altar of an unknown god.
  1630 | D:3      | XOM: god gift: scroll labelled UTUGENT WOIR {god gift}
  1641 | D:3      | Reached skill level 7 in Fighting
  1730 | D:3      | You are sucked into a shaft and drop 3 floors!
  1811 | D:7      | Noticed a bullfrog
  1812 | D:7      | XOM: potion effect (might)
  1825 | D:7      | Reached XP level 5. HP: 62/62 MP: 5/5
  1848 | D:7      | Reached skill level 8 in Fighting
  1848 | D:7      | Reached XP level 6. HP: 42/74 MP: 6/6
  1933 | D:7      | XOM: potion effect (magic)
  1948 | D:7      | Reached skill level 9 in Fighting
  1964 | D:7      | XOM: enchant monster (good)
  2008 | D:7      | XOM: god gift: 3 stones
  2032 | D:5      | Entered Level 5 of the Dungeon
  2032 | D:5      | Noticed Duvessa
  2032 | D:5      | Noticed Dowan
  2047 | D:6      | XOM: divine lightning
  2072 | D:5      | HP: 2/69 [wight/+0 flail (2)]
  2210 | D:4      | XOM: butterfly on damage
  2211 | D:4      | XOM: summons 2 friendly demons
  2214 | D:4      | Slain by an ogre

Illustrated notes

Levels and vault maps discovered:
D:1:      amcnicky_arrival_underground_garden, layout_loops_ring,
          minmay_misc_feat_alley
D:2:      layout_loops_cross, hex_medium, serial_bayou_ford_a
D:3:      layout_loops_corners, shapermc_ecumenical_altar_starsandcircs,
          kennysheep_generic_room_8
D:4:      layout_loops_ring, mainiacjoe_overflow_brackets,
          nicolae_dithmenos_through_a_glass_darkly, uniq_ijyb, uniq_pargi
D:5:      layout_rooms, lemuel_tele_altar, uniq_duvessa
D:6:      layout_rooms, minmay_temple_entry_poolview,
          ebering_dispersal_statue_hall, kennysheep_cross_bottleneck,
          uniq_grinder, uniq_crazy_yiuf_cottage, uniq_pikel
D:7:      layout_basic

Skill      XL: |  1  2  3  4  5  6 |
---------------+-------------------+-----
Fighting       | 5 6 7 8 9 |  9.9
Maces & Flails | |  3.0
Dodging        | |  2.1

Action                     |  1- 3 |  4- 6 || total
---------------------------+-------+-------++-------
  Melee: Mace              |    90 |   113 ||   203
         Headbutt          |     7 |    15 ||    22
         Punch             |     1 |     3 ||     4
    Use: Scroll            |     1 |     7 ||     8
         Potion            |     2 |     5 ||     7
   Stab: Sleeping          |     1 |       ||     1
 Armour: Robe              |    56 |   145 ||   201
  Dodge: Dodged            |    44 |    86 ||   130
